 Dungeon Crawl Stone Soup version 0.27-a0-1448-g9c78c815f3 (webtiles) character file.

Game seed: 11722592917832671357

44 Froggeryz the Cutter (level 3, -1/26 HPs)
             Began as an Octopode Berserker on July 5, 2021.
             Was a Believer of Trog.
             Shot with a stone by a goblin (6 damage)
             ... on level 2 of the Dungeon.
             The game lasted 00:01:03 (1506 turns).

Froggeryz the Cutter (Octopode Berserker)           Turns: 1506, Time: 00:01:04

Health: -1/26      AC:  1    Str: 17    XL:     3   Next: 60%
Magic:  3/3        EV: 13    Int:  9    God:    Trog [**....]
Gold:   66         SH:  0    Dex: 11    Spells: 2/2 levels left

rFire    . . .     SeeInvis .   a - +0 short sword
rCold    . . .     Faith    .   (no shield)
rNeg     . . .     Spirit   .   (helmet restricted)
rPois    .         Reflect  .   (no amulet)
rElec    .         Harm     .   (no ring)
rCorr    .         Rampage  .   (no ring)
Will     ++...                  (no ring)
Stlth    +++.......             (no ring)
HPRegen  1.08/turn              (no ring)
MPRegen  0.08/turn              (no ring)
                                (no ring)
                                (no ring)

@: strong-willed, regenerating
A: almost no armour, amphibious, 8 rings, camouflage 1, gelatinous body 1,
(nimble swimmer 1), tentacles
a: Renounce Religion, Berserk, Trog's Hand


You were on level 2 of the Dungeon.
You worshipped Trog.
Trog was pleased with you.
You visited 1 branch of the dungeon, and saw 2 of its levels.

You collected 66 gold pieces.

Inventory:

Hand Weapons
 a - a +0 short sword (weapon)
Wands
 g - a wand of iceblast (10)
Scrolls
 b - a scroll of fear {unknown}
 c - 2 scrolls of noise {unknown}
 e - a scroll of identify {unknown}
Potions
 d - a potion of curing {unknown}
 f - a potion of haste {unknown}


   Skills:
 - Level 3.0 Fighting
 * Level 4.1 Short Blades
 - Level 3.0 Dodging
 + Level 2.3 Stealth


You had 2 spell levels left.
You didn't know any spells.
Your spell library was empty.

Dungeon Overview and Level Annotations

Branches:
Dungeon (2/15)

Altars:


Innate Abilities, Weirdness & Mutations

You cannot wear most types of armour.
You are amphibious.
You can wear up to eight rings at the same time.
Your skin changes colour to match your surroundings (Stealth+).
Your rubbery body absorbs attacks. (AC +1, EV +1)
((You are camouflaged near water. (Stealth+)))
You have tentacles for arms and can constrict up to eight enemies at once.


Message History

A worm comes into view.
You closely miss the adder. You grab the adder. Your squeeze misses the adder.
You constrict the adder.
You feel sick. The goblin misses you. The adder bites you.
You are too injured to fight recklessly!
You release your grip on the adder.
You feel sick.
You feel sick.
You puncture the adder! Your grab misses the adder.
The adder is almost dead.
You feel sick.
You are no longer poisoned.
The adder closely misses you. The adder bites you.
* * * LOW HITPOINT WARNING * * *
You are lethally poisoned!
The adder poisons you!
Your skin crawls.
You feel strong-willed.
You feel sick. The adder bites you.
* * * LOW HITPOINT WARNING * * *
You hit the adder. Your grab misses the adder. Your squeeze misses the adder.
The adder is almost dead.
You feel sick. The adder bites you but does no damage.
You barely miss the adder. You grab the adder. Your squeeze misses the adder.
The adder is almost dead.
You constrict the adder.
You kill the adder!
Trog accepts your kill.
You feel sick.
The goblin unwields a +0 club.
The goblin wields a +0 hunting sling.
The goblin shoots a stone.
The stone misses you.
You feel sick.
The goblin shoots a stone.
The stone closely misses you.
There is an open door here.
You feel sick.
The goblin shoots a stone.
The stone barely misses you.
You close the door.
You feel sick.
You feel sick.
You are no longer poisoned.
A goblin opens the door.
The goblin shoots a stone.
The stone barely misses you.
The goblin shoots a stone.
The stone hits you.
You die...

##.....## w##.###
##.......## .......
#.........####....#
+.........'g†gw...#
#.........####....#
#.......## #.#.#
##.....## ## #
##...## ##@## #.#
#.# ##.##
##...######
#..........
##...##....
#.###..##.###
#......)..#


You could see a goblin.

Vanquished Creatures
  An adder (D:2)
  A dart slug (D:1)
  A bat (D:1)
  2 endoplasms
  2 giant cockroaches (D:1)
  4 goblins (D:1)
  6 hobgoblins (D:1)
  2 jackals (D:1)
  A kobold (D:1)
  A quokka (D:1)
  3 ball pythons
  A frilled lizard (D:2)
  4 rats
29 creatures vanquished.

Notes
Turn   | Place    | Note
-------+----------+-------------------------------------------
     0 | D:1      | Froggeryz the Octopode Berserker began the quest for the
                  | Orb.
     0 | D:1      | Reached XP level 1. HP: 16/16 MP: 1/1
     4 | D:1      | Found a faded altar of an unknown god.
   163 | D:1      | Reached skill level 1 in Stealth
   163 | D:1      | Reached XP level 2. HP: 17/21 MP: 2/2
   713 | D:1      | Reached XP level 3. HP: 16/26 MP: 3/3
   907 | D:1      | Reached ** piety under Trog
  1490 | D:2      | Reached skill level 4 in Short Blades
  1506 | D:2      | Shot with a stone by a goblin

Illustrated notes

Levels and vault maps discovered:
D:1:      wander_arrival_fairy_ring, layout_basic,
          ebering_ecumenical_altar_webs, minmay_misc_feat_tiny,
          hangedman_decor_points
D:2:      cheibrodos_greedy_goblins, layout_loops_corners

Skill      XL: |  1  2  3 |
---------------+----------+-----
Stealth        | 1 2 |  2.3
Short Blades   | 4 |  4.1
Fighting       | |  3.0
Dodging        | |  3.0

Action                   || total
-------------------------++-------
Melee: Short sword       ||    65
       Constrict         ||    17
       Tentacles         ||    11
Invok: Trog's Hand       ||     1
 Stab: Sleeping          ||     6
Armor: Skin              ||     8
Dodge: Dodged            ||    49

Table legend: (Time is in decaauts)
 A = Elapsed time spent in this place.
 B = Non-inter-level travel time spent in this place.
 C = Inter-level travel time spent in this place.
 D = Time resting spent in this place.
 E = Time spent auto-exploring this place.
 F = Levels seen in this place.
 G = Mean time per level.
                   A        B        C        D        E       F      G
               +--------+--------+--------+--------+--------+-----+--------+
         Total |   1500 |   1464 |     36 |    143 |   1151 |   2 |  750.0 |
       Dungeon |   1500 |   1464 |     36 |    143 |   1151 |   2 |  750.0 |
               +--------+--------+--------+--------+--------+-----+--------+

Top non-repeatable levels by time:
     D:1: 1299 daAuts
     D:2: 201 daAuts
